AoeStats
← Marbas

Black Forest

508904285Analyzed
4v4 RM · 7d ago on Sep 24, 2026· 59m 33s· 8 players
Game mode
Random Map
Map size
Large (8 player)
Population
200
Speed
Normal
Resources
Standard
Victory
Conquest
Starting age
Dark Age
Ending age
Imperial Age
RankedLock teamsTeams togetherTeam positionsShared explorationLock speedFull tech treeHidden civsTurbo modeCheats
Victory
Defeat
🇨🇳 Britons · China
1713
+16
🇨🇳 Saracens · China
1706
+17
🇯🇵 Khmer · Japan
1693
+17
🇻🇳 Portuguese · Vietnam
1634
+20
🇷🇺 Goths · Russia
1793
-21
🇷🇺 Franks · Russia
1712
-17
🇧🇪 Slavs · Belgium
1711
-17
🇷🇺 Celts · Russia
1663
-15
B3RS3RK
12:41 Feudal Age
14:35 Double-Bit Axe
17:08 Castle Age
15:29 Fishing Lines
18:27 Bow Saw
20:27 Wheelbarrow
20:29 Loom
21:22 Scale Barding Armor
24:24 Gillnets
26:33 Chain Barding Armor
26:52 Forging
27:56 Bloodlines
29:04 Hand Cart
29:27 Detinets
29:31 Stone Mining
29:24 Horse Collar
30:05 Husbandry
30:44 Iron Casting
32:49 Imperial Age
30:31 Gold Mining
33:43 Coinage
34:20 Plate Barding Armor
33:19 Elite Boyar
34:22 Conscription
33:45 Capped Ram
35:50 Blast Furnace
34:45 Siege Ram
36:42 Gold Shaft Mining
37:42 Banking
39:06 Siege Engineers
41:28 Caravan
48:38 Pikeman
49:18 Squires
49:19 Scale Mail Armor
53:28 Halberdier
54:28 Chain Mail Armor
54:04 Man-at-Arms
55:10 Man-at-Arms
56:21 Plate Mail Armor
55:37 Onager
60:11 Chemistry
59:23 Masonry
59:09 Murder Holes
59:31 Druzhina
58:58 Long Swordsman
PLEBUSHEK
0:46 Loom
11:05 Feudal Age
12:55 Fletching
19:22 Castle Age
17:46 Double-Bit Axe
18:56 Fishing Lines
32:22 Pikeman
33:03 Squires
40:20 Wheelbarrow
43:49 Bow Saw
45:55 Gold Mining
45:57 Stone Mining
49:43 Imperial Age
48:48 Hand Cart
48:47 Scale Mail Armor
48:57 Forging
48:47 Scale Mail Armor
48:57 Forging
48:47 Scale Mail Armor
48:32 Treadmill Crane
50:17 Chain Mail Armor
49:55 Horse Collar
50:54 Iron Casting
50:14 Halberdier
51:04 Perfusion
51:24 Conscription
51:08 Caravan
51:19 Guilds
52:13 Two-Man Saw
52:56 Blast Furnace
53:19 Heavy Plow
58:52 Chemistry
Wintorez_v3.1.0
10:32 Feudal Age
14:19 Castle Age
14:40 Double-Bit Axe
14:37 Horse Collar
14:44 Fishing Lines
16:21 Bow Saw
18:07 Gillnets
21:33 Wheelbarrow
21:56 Loom
25:38 Medium Warships
26:11 Town Watch
29:12 Pikeman
33:57 Medium Warships
34:12 Scale Mail Armor
34:23 Forging
35:25 Chain Mail Armor
39:21 Imperial Age
37:26 Ballistics
38:02 Iron Casting
37:52 Fortified Wall
38:52 Fletching
39:14 Masonry
39:44 Bodkin Arrow
40:37 Plate Mail Armor
39:29 Heavy Scorpion
40:36 Conscription
40:17 Padded Archer Armor
39:56 Halberdier
41:11 Hand Cart
42:05 Blast Furnace
42:00 Stronghold
42:41 Furor Celtica
42:36 Onager
44:20 Hoardings
47:12 Chemistry
49:39 Caravan
52:58 Siege Onager
54:14 Capped Ram
58:12 Siege Engineers
Marbas
0:48 Loom
11:19 Feudal Age
15:42 Castle Age
14:08 Double-Bit Axe
16:50 Bow Saw
25:47 Wheelbarrow
25:38 Town Watch
25:54 Fletching
27:01 Fortified Wall
27:04 Stone Mining
30:09 Hand Cart
30:16 Hand Cart
30:01 Gold Mining
31:19 Gold Shaft Mining
35:59 Imperial Age
33:38 Scale Mail Armor
34:17 Masonry
35:07 Chain Mail Armor
34:14 Man-at-Arms
36:12 Forging
35:29 Long Swordsman
35:54 Gambesons
36:10 Squires
36:04 Two-Handed Swordsman
37:16 Plate Mail Armor
37:38 Arson
39:06 Chemistry
37:49 Champion
39:42 Iron Casting
42:37 Blast Furnace
46:49 Siege Engineers
46:41 Bodkin Arrow
48:32 Conscription
49:13 Architecture
48:26 Treadmill Crane
49:03 Pikeman
51:25 Architecture
52:42 Hoardings
52:52 Hoardings
51:59 Halberdier
54:44 Onager
58:50 Caravan
清远华
11:55 Feudal Age
12:20 Double-Bit Axe
15:31 Castle Age
17:07 Bow Saw
17:06 Horse Collar
25:17 Gold Mining
25:18 Stone Mining
27:12 Wheelbarrow
29:42 Imperial Age
26:58 Loom
27:40 Ballistics
27:15 Fletching
27:46 Fishing Lines
29:01 Gold Shaft Mining
28:42 Hand Cart
28:58 Forging
28:45 Bodkin Arrow
28:51 Padded Archer Armor
30:10 Leather Archer Armor
29:56 Gillnets
30:44 Conscription
30:46 Yeomen
30:45 Guilds
31:31 Warwolf
31:34 Bracer
32:41 Chemistry
32:14 Siege Engineers
32:19 Masonry
32:43 Caravan
32:40 Elite Longbowman
33:52 Ring Archer Armor
35:51 Coinage
37:31 Sappers
38:36 Hoardings
38:43 Banking
44:50 Scale Mail Armor
45:00 Forging
44:56 Pikeman
45:36 Squires
45:22 Arson
45:54 Chain Mail Armor
45:18 Halberdier
47:33 Plate Mail Armor
47:39 Iron Casting
52:30 Loom
56:28 Gambesons
56:03 Man-at-Arms
57:40 Long Swordsman
58:37 Two-Handed Swordsman
59:18 Champion
うーぺー
12:13 Feudal Age
12:37 Loom
16:14 Castle Age
14:47 Double-Bit Axe
15:42 Fishing Lines
17:41 Bow Saw
18:14 Wheelbarrow
23:21 Ballistics
24:14 Hand Cart
26:04 Scale Barding Armor
26:31 Husbandry
26:42 Bloodlines
26:18 Horse Collar
26:35 Gillnets
31:21 Chain Barding Armor
31:12 Forging
34:25 Imperial Age
32:06 Heavy Plow
33:26 Gold Mining
36:09 Plate Barding Armor
36:10 Tusk Swords
36:48 Iron Casting
35:44 Capped Ram
37:02 Fletching
37:07 Elite Battle Elephant
38:21 Devotion
38:53 Crop Rotation
38:58 Onager
41:43 Blast Furnace
41:27 Gold Shaft Mining
41:23 Siege Engineers
42:15 Coinage
41:46 Caravan
42:34 Bodkin Arrow
43:42 Chemistry
42:53 Masonry
44:48 Banking
48:04 Heavy Scorpion
50:59 Double Crossbow
51:19 Conscription
51:35 Hoardings
56:22 Siege Ram
mongo
0:35 Loom
9:29 Feudal Age
12:44 Double-Bit Axe
12:55 Horse Collar
19:15 Castle Age
19:15 Gold Mining
19:16 Fletching
19:27 Padded Archer Armor
19:16 Crossbowman
20:10 Bodkin Arrow
23:32 Padded Archer Armor
24:45 Thumb Ring
29:31 Wheelbarrow
34:00 Hand Cart
36:54 Gold Shaft Mining
36:11 Stone Mining
38:59 Scale Barding Armor
39:05 Forging
41:52 Imperial Age
40:17 Heavy Plow
41:26 Chain Barding Armor
41:41 Iron Casting
41:20 Masonry
42:10 Bloodlines
42:00 Husbandry
41:56 Elite Mameluke
43:42 Chemistry
42:58 Bow Saw
43:58 Plate Barding Armor
44:23 Blast Furnace
47:35 Onager
51:53 Caravan
59:50 Coinage
81danchoi
2:37 Loom
11:50 Feudal Age
16:38 Castle Age
14:24 Double-Bit Axe
14:56 Horse Collar
17:56 Bow Saw
17:58 Gold Mining
24:36 Fletching
30:07 Heavy Plow
32:57 Wheelbarrow
32:48 Caravan
39:22 Imperial Age
37:52 Scale Mail Armor
38:03 Forging
39:19 Chain Mail Armor
39:41 Iron Casting
38:27 Pikeman
39:41 Halberdier
41:03 Plate Mail Armor
41:33 Blast Furnace
48:43 Town Watch
51:42 Town Patrol
52:38 Gambesons
52:39 Arson
53:14 Hand Cart
53:10 Guilds
Connection lost

Rejoining the realm…

Still unreachable

The connection could not be restored.

Session expired

The server has moved on; the page needs a fresh start.